 Dungeon Crawl Stone Soup version 0.27-a0-1051-g288ea87c7c (webtiles) character file.

Game seed: 13181988658827598331

34 porpoise the Magician (level 3, 0/28 HPs)
             Began as a Djinni Venom Mage on Apr 20, 2021.
             Slain by a frilled lizard (2 damage)
             ... on level 2 of the Dungeon.
             The game lasted 00:05:14 (1701 turns).

porpoise the Magician (Djinni Venom Mage)           Turns: 1701, Time: 00:05:14

Health: 0/28       AC:  2    Str:  7    XL:     3   Next: 31%
Gold:   112        EV: 12    Int: 17    God:
                   SH:  0    Dex: 13

rFire    + + .     SeeInvis .   a - +0 quarterstaff
rCold    x . .     Faith    .   (shield currently unavailable)
rNeg     . . .     Spirit   .   d - +0 robe
rPois    ∞         Reflect  .   (no helmet)
rElec    .         Harm     .   (no cloak)
rCorr    .         Rampage  .   (no gloves)
Will     .....                  (boots unavailable)
Stlth    ++........             (no amulet)
HPRegen  0.09/turn              (no ring)
MPRegen  0.00/turn              (no ring)

@: flying
A: fire resistance 2, cold vulnerability 1, float, innate caster, hp casting,
extra vitality 1
a: no special abilities


You were on level 2 of the Dungeon.
You visited 1 branch of the dungeon, and saw 2 of its levels.

You collected 112 gold pieces.

Inventory:

Hand Weapons
 a - a +0 quarterstaff (weapon)
Missiles
 b - 46 stones
 e - 7 bolts
Armour
 d - a +0 robe (worn)
Magical Staves
 h - a staff of earth
Scrolls
 c - a scroll of identify {unknown}
 f - a scroll of blinking {unknown}
 i - a scroll of magic mapping {unknown}
 j - a scroll of vulnerability {unknown}
Potions
 g - 2 potions of attraction {unknown}


   Skills:
 + Level 1.9 Fighting
 - Level 2.1 Dodging
 - Level 1.5 Stealth
 + Level 3.2 Spellcasting


You couldn't memorise any spells.
You knew the following spells:

 Your Spells              Type           Power      Damage    Failure   Level
a - Sting                 Tmut/Pois      52%        1d5       4%          1
b - Ignite Poison         Fire/Tmut/Pois 13%        N/A       14%         3
m - Mephitic Cloud        Conj/Pois/Air  13%        N/A       14%         3
o - Olgreb's Toxic Radia  Pois           13%        N/A       41%         4
p - Apportation           Tloc           26%        N/A       4%          1
v - Poisonous Vapours     Pois/Air       26%        N/A       7%          2
Your spell library was empty.

Dungeon Overview and Level Annotations

Branches:
Dungeon (2/15)

Altars:
Uskayaw

Annotations:
D:2 Sigmund


Innate Abilities, Weirdness & Mutations

You are immune to poison.
Your flesh is very heat resistant. (rF++)
You are vulnerable to cold. (rC-)
You float through the air rather than walking.
You learn spells naturally, not from books.
Your magical power is your life essence.
You have superior vitality. (+4 HP)


Message History

You don't know that spell.
You hit the adder.
The adder is moderately wounded.
The adder bites you.
Sigmund the Dreaded comes into view.
He is wielding a +0 scythe.
The adder closely misses you. The adder closely misses you.
The adder closely misses you.
The adder looks more healthy.
The adder bites you. The adder bites you.
The adder bites you but does no damage.
You barely miss the adder.
The adder is heavily wounded.
The adder bites you.
The adder bites you but does no damage. x2
The adder barely misses you.
Casting: Poisonous Vapours (safe; 7% risk of failure)
Confirm with . or Enter, or press ? or * to list all spells.
Aiming: Sting (safe; 4% risk of failure)
Press: ? - help, Shift-Dir - straight line, f/p - adder
Aim: an adder (heavily wounded, 53% to hit)
The sting hits the adder.
The adder is poisoned.
The adder is severely wounded.
The adder bites you but does no damage. The adder bites you.
* * * LOW HITPOINT WARNING * * *
Casting: Sting (safe; 4% risk of failure)
Confirm with . or Enter, or press ? or * to list all spells.
Aiming: Sting (safe; 4% risk of failure)
Press: ? - help, Shift-Dir - straight line, f - adder, p - adder
Aim: an adder (53% to hit)
The sting hits the adder.
The adder is poisoned.
The adder is lightly wounded.
* * * LOW HITPOINT WARNING * * *
The adder bites you.
* * * LOW HITPOINT WARNING * * *
The adder barely misses you. The adder bites you.
* * * LOW HITPOINT WARNING * * *
The adder misses you.
You kill the adder!
The frilled lizard bites you.
You die...

#.......... . ..........#
#.......... . #.........#
#.......... .##.........#
#.......... ............#
#.......... . #.........#
#.......... . #.........#
#..........
.##.........#+#########..........
..............ZS@................
.##.##'#..#....l...[.............
. #.##.#.##..................._..
. #.##.#.##......................
. #.##.#.##......................
. (.##.#.##..†............####...
. .....#.##...............# ### #
######.##.#'###########.#
#....#.# #.#


You could see an adder (poisoned), a frilled lizard and a jackal skeleton.

Vanquished Creatures
  An adder (D:2)
  2 dart slugs (D:1)
  2 bats (D:1)
  3 endoplasms (D:1)
  A giant cockroach (D:2)
  5 hobgoblins
  4 jackals (D:2)
  A quokka (D:2)
  A ball python (D:1)
  3 goblins
  2 kobolds (D:1)
  A rat (D:1)
26 creatures vanquished.

Notes
Turn   | Place    | Note
-------+----------+-------------------------------------------
     0 | D:1      | porpoise the Djinni Venom Mage began the quest for the Orb.
     0 | D:1      | Reached XP level 1. HP: 15/15 MP: 0/0
   200 | D:1      | Reached skill level 1 in Fighting
   200 | D:1      | Reached XP level 2. HP: 14/22 MP: 0/0
   216 | D:1      | Reached skill level 3 in Spellcasting
  1302 | D:2      | Reached XP level 3. HP: 27/28 MP: 0/0
  1302 | D:2      | Learned a level 1 spell: Apportation
  1577 | D:2      | Found a hide-covered altar of Uskayaw.
  1684 | D:2      | Noticed Sigmund
  1700 | D:2      | HP: 1/28 [adder (1)]
  1701 | D:2      | Slain by a frilled lizard

Illustrated notes

Levels and vault maps discovered:
D:1:      minmay_arrival_five_plusses, layout_loops_ring,
          kennysheep_pointless_box, st_stairs_1, minmay_split_cup_small
D:2:      layout_basic, basic_altar, minmay_diced_spiral, uniq_sigmund

Skill      XL: |  1  2 |
---------------+-------+-----
Fighting       | 1 |  1.9
Spellcasting   | 3 |  3.2
Dodging        | |  2.1
Stealth        | |  1.5

Action                   || total
-------------------------++-------
Melee: Unarmed           ||     2
       Quarterstaff      ||     8
       Staff             ||     2
 Cast: Sting             ||    41
       Poisonous Vapours ||     5
Armor: Robe              ||    11
Dodge: Dodged            ||    21

Table legend: (Time is in decaauts)
 A = Elapsed time spent in this place.
 B = Non-inter-level travel time spent in this place.
 C = Inter-level travel time spent in this place.
 D = Time resting spent in this place.
 E = Time spent auto-exploring this place.
 F = Levels seen in this place.
 G = Mean time per level.
                   A        B        C        D        E       F      G
               +--------+--------+--------+--------+--------+-----+--------+
         Total |   1702 |   1621 |     81 |    627 |    814 |   2 |  851.0 |
       Dungeon |   1702 |   1621 |     81 |    627 |    814 |   2 |  851.0 |
               +--------+--------+--------+--------+--------+-----+--------+

Top non-repeatable levels by time:
     D:1: 1279 daAuts
     D:2: 422 daAuts
